 Dungeon Crawl Stone Soup version 0.24.0-123-gd5b16e6ec5 (webtiles) character file.

Game seed: 14840865495207268679, levelgen mode: deterministic

2036 FishyPogo the Magician (level 9, -4/69 HPs)
             Began as a Gnoll Skald on Dec 20, 2019.
             Was a Follower of Okawaru.
             Slain by a two-headed ogre
             ... wielding a +0 giant spiked club
              (30 damage)
             ... on level 8 of the Dungeon.
             The game lasted 00:23:42 (5598 turns).

FishyPogo the Magician (Gnoll Skald)                Turns: 5598, Time: 00:23:42

Health: -4/69      AC: 12    Str: 16    XL:     9   Next: 24%
Magic:  11/18      EV: 16    Int: 18    God:    Okawaru [*.....]
Gold:   316        SH:  0    Dex: 16    Spells: 1/20 levels left

rFire    . . .     SeeInvis .   a - +7 club
rCold    . . .     Gourm    .   (no shield)
rNeg     + . .     Faith    .   C - +2 leather armour {MR+}
rPois    .         Spirit   .   p - +2 helmet {Int+3}
rElec    .         Reflect  .   y - scarf {cloud immunity}
rCorr    .         Harm     .   n - +2 pair of gloves {archery}
MR       +....                  (no boots)
Stlth    ++........             h - amulet of magic regeneration
HPRegen  1.21/turn              t - ring of wizardry
MPRegen  0.41/turn              o - ring of positive energy

@: singing, regenerating
A: distributed training, fangs 1, strong nose
a: Heroism, Renounce Religion


You were on level 8 of the Dungeon.
You worshipped Okawaru.
Okawaru was aware of your devotion.
You were not hungry.

You visited 2 branches of the dungeon, and saw 9 of its levels.

You collected 316 gold pieces.

Inventory:

Hand Weapons
 a - a +7 club (weapon)
 r - a +3 dagger of flaming
 F - a +0 war axe of freezing
 I - a +1 dagger of holy wrath
Missiles
 f - 132 stones (quivered)
 i - 23 poisoned darts
 x - 3 javelins
 K - 48 arrows
 N - 3 boomerangs
Armour
 n - a +2 pair of gloves of archery (worn)
 p - a +2 helmet of intelligence (worn)
 y - a scarf of cloud immunity (worn)
 C - a +2 leather armour of magic resistance (worn)
Jewellery
 h - an amulet of magic regeneration (around neck)
 o - a ring of positive energy (right hand)
 t - a ring of wizardry (left hand)
 H - a +5 ring of strength {unknown}
 Q - a cursed ring of poison resistance {unknown}
Wands
 s - a wand of random effects (17)
 A - a wand of scattershot (4)
Scrolls
 b - a scroll of immolation {unknown}
 g - 3 scrolls of amnesia {unknown}
 j - 8 scrolls of remove curse {unknown}
 k - 2 scrolls of teleportation {unknown}
 l - 8 scrolls of identify {unknown}
 v - a scroll of fear {unknown}
 w - a scroll of noise {unknown}
 z - 2 scrolls of enchant weapon {unknown}
 G - a scroll of random uselessness {unknown}
 P - a scroll of enchant armour {unknown}
Potions
 c - 2 potions of curing {unknown}
 e - a potion of agility {unknown}
 m - a potion of berserk rage {unknown}
 q - a potion of mutation {unknown}
 u - 3 potions of flight {unknown}
 B - a potion of cancellation {unknown}
 D - 2 potions of brilliance {unknown}
 E - 3 potions of invisibility {unknown}
 J - a potion of heal wounds {unknown}
 L - a potion of resistance {unknown}
 M - a potion of degeneration {unknown}
Comestibles
 d - 13 rations


   Skills:
 + Level 6.1 Fighting
 + Level 6.1 Short Blades
 + Level 4.0 Long Blades
 + Level 4.0 Axes
 + Level 4.0 Maces & Flails
 + Level 4.0 Polearms
 + Level 4.0 Staves
 + Level 4.0 Slings
 + Level 4.0 Bows
 + Level 4.0 Crossbows
 + Level 4.0 Throwing
 + Level 4.8 Armour
 + Level 6.1 Dodging
 + Level 4.0 Stealth
 + Level 4.0 Shields
 + Level 4.0 Unarmed Combat
 + Level 6.4 Spellcasting
 + Level 3.2 Conjurations
 + Level 3.2 Hexes
 + Level 6.4 Charms
 + Level 3.2 Summonings
 + Level 3.2 Necromancy
 + Level 3.2 Translocations
 + Level 3.2 Transmutations
 + Level 3.2 Fire Magic
 + Level 3.2 Ice Magic
 + Level 3.2 Air Magic
 + Level 3.2 Earth Magic
 + Level 3.2 Poison Magic
 + Level 4.4 Invocations
 + Level 4.0 Evocations


You had one spell level left.
You knew the following spells:

 Your Spells              Type           Power        Failure   Level  Hunger
c - Airstrike             Air            ###.......   14%         4    ####...
h - Regeneration          Chrm/Necr      ###.......   2%          3    ##.....
l - Summon Lightning Spi  Summ/Air       ###.....     14%         4    ####...
n - Spectral Weapon       Hex/Chrm       ###.....     2%          3    ##.....
p - Shroud of Golubria    Chrm/Tloc      ###...       1%          2    None
u - Song of Slaying       Chrm           ####....     1%          2    None
y - Infusion              Chrm           ####         1%          1    None

Your spell library contained the following spells:

 Spells                   Type           Power        Failure   Level  Hunger
 Shock                    Conj/Air       ###.         1%          1    None
 Summon Small Mammal      Summ           ###.         1%          1    None
 Swiftness                Chrm/Air       ###.....     1%          2    None
 Call Imp                 Summ           ###.....     2%          2    None
 Call Canine Familiar     Summ           ###.....     4%          3    ##.....
 Static Discharge         Conj/Air       ###.....     4%          3    ##.....
 Summon Guardian Golem    Hex/Summ       ###.....     4%          3    ##.....
 Summon Ice Beast         Ice/Summ       ###.....     14%         4    ####...
 Lightning Bolt           Conj/Air       ###.......   36%         5    #####..


Dungeon Overview and Level Annotations

Branches:
Dungeon (8/15)             Temple (1/1) D:6
   Lair: D:8-11

Altars:
Ashenzari
Cheibriados
Dithmenos
Elyvilon
Fedhas
Gozag
Hepliaklqana
Kikubaaqudgha
Makhleb
Nemelex Xobeh
Okawaru
Qazlal
Ru
Sif Muna
Trog
Uskayaw
Vehumet
Wu Jian
Xom
Yredelemnul
Zin
The Shining One

Shops:
D:7 }


Innate Abilities, Weirdness & Mutations

Your experience applies equally to all skills.
You have very sharp teeth.
Your uncanny sense of smell can sniff out nearby items.


Message History

The two-headed ogre hits your spectral weapon with a +0 giant spiked club!
Your spectral weapon shares its damage with you!
Your spectral weapon fades away.
Casting: Regeneration (safe; 2% risk of failure)
Confirm with . or Enter, or press ? or * to list all spells.
You draw out your weapon's spirit!
The orc priest invokes the aid of Beogh against you.
Beogh smites you!
The two-headed ogre hits you with a +0 giant spiked club!
The two-headed ogre completely misses you.
You hit the two-headed ogre.
The two-headed ogre is severely wounded.
The orc priest invokes the aid of Beogh against you.
Beogh smites you!
Unknown command.
You hit the two-headed ogre.
The two-headed ogre is almost dead.
Your spectral weapon hits the two-headed ogre.
The two-headed ogre hits you with a +0 giant spiked club!!
You die...

#..#.###
#......#
##......####
#..<........
#.......##.
#.......#
#..##.###
#..##.# .
#..#.@####....
#....(Ooo.<...
#.##.#####....
# #?# . #.# ∆
... ###


You could see a two-headed ogre, an orc priest, an orc and a friendly spectral
+7 club.

Vanquished Creatures
  Grinder (D:4)
  Sigmund (D:5)
  2 phantoms
  A sky beast (D:5)
  2 ogres
  A centaur (D:6)
  2 bullfrogs
  4 killer bees
  A crimson imp (D:7)
  A bullfrog zombie (D:5)
  A centaur skeleton (D:5)
  2 hounds (D:4)
  An orc priest (D:7)
  A gnoll shaman (D:5)
  3 orc wizards
  2 iguanas (D:7)
  A worker ant (D:2)
  A killer bee zombie (D:7)
  Robin (D:3)
  10 adders
  3 gnolls (D:5)
  A shadow imp (D:2)
  3 adder skeletons
  4 worms
  2 dart slugs
  5 leopard geckos
  17 orcs
  8 bats
  7 giant cockroaches
  15 goblins
  12 hobgoblins
  14 jackals
  4 quokkas
  5 ball pythons
  4 frilled lizards
  10 kobolds
  A quokka zombie (D:5)
  15 rats
169 creatures vanquished.

Vanquished Creatures (collateral kills)
  An ogre (D:5)
  A bullfrog (D:6)
  Blork the orc (D:6)
  A killer bee (D:7)
  A shadow imp (D:6)
5 creatures vanquished.

Vanquished Creatures (others)
  2 spectral weapons
2 creatures vanquished.

Grand Total: 176 creatures vanquished

Notes
Turn   | Place    | Note
-------+----------+-------------------------------------------
     0 | D:1      | FishyPogo the Gnoll Skald began the quest for the Orb.
     0 | D:1      | Reached XP level 1. HP: 20/20 MP: 6/6
   248 | D:1      | Reached XP level 2. HP: 25/26 MP: 7/7
   258 | D:1      | Learned a level 2 spell: Song of Slaying
   261 | D:1      | Learned a level 2 spell: Shroud of Golubria
   777 | D:2      | Reached XP level 3. HP: 4/31 MP: 6/9
   788 | D:2      | Learned a level 3 spell: Regeneration
   793 | D:2      | Learned a level 3 spell: Spectral Weapon
   843 | D:2      | Reached skill level 5 in Spellcasting
   896 | D:2      | Reached skill level 1 in Invocations
   953 | D:2      | Reached skill level 1 in Long Blades
   953 | D:2      | Reached skill level 1 in Axes
   953 | D:2      | Reached skill level 1 in Maces & Flails
   953 | D:2      | Reached skill level 1 in Polearms
   953 | D:2      | Reached skill level 1 in Staves
   953 | D:2      | Reached skill level 1 in Slings
   953 | D:2      | Reached skill level 1 in Bows
   953 | D:2      | Reached skill level 1 in Crossbows
   953 | D:2      | Reached skill level 1 in Throwing
   953 | D:2      | Reached skill level 1 in Stealth
   953 | D:2      | Reached skill level 1 in Shields
   953 | D:2      | Reached skill level 1 in Unarmed Combat
   953 | D:2      | Reached skill level 1 in Evocations
   967 | D:2      | Reached XP level 4. HP: 20/38 MP: 11/11
   990 | D:2      | Found a stormy altar of Qazlal.
  1371 | D:2      | Reached skill level 1 in Conjurations
  1371 | D:2      | Reached skill level 1 in Hexes
  1371 | D:2      | Reached skill level 1 in Summonings
  1371 | D:2      | Reached skill level 1 in Necromancy
  1371 | D:2      | Reached skill level 1 in Translocations
  1371 | D:2      | Reached skill level 1 in Transmutations
  1371 | D:2      | Reached skill level 1 in Fire Magic
  1371 | D:2      | Reached skill level 1 in Ice Magic
  1371 | D:2      | Reached skill level 1 in Air Magic
  1371 | D:2      | Reached skill level 1 in Earth Magic
  1371 | D:2      | Reached skill level 1 in Poison Magic
  1375 | D:2      | Reached XP level 5. HP: 21/43 MP: 8/12
  1823 | D:3      | Noticed Robin
  1862 | D:3      | Killed Robin
  2225 | D:4      | Reached XP level 6. HP: 41/50 MP: 13/13
  2300 | D:4      | Noticed a phantom
  2311 | D:4      | Reached skill level 5 in Fighting
  2311 | D:4      | Reached skill level 5 in Short Blades
  2311 | D:4      | Reached skill level 5 in Dodging
  2336 | D:4      | Killed a phantom
  2336 | D:4      | Reached XP level 7. HP: 49/56 MP: 12/15
  2403 | D:4      | Found a stormy altar of Qazlal.
  2882 | D:4      | Noticed Grinder
  2907 | D:4      | Paralysed by Grinder for 5 turns
  2912 | D:4      | Killed Grinder
  3066 | D:5      | Entered Level 5 of the Dungeon
  3103 | D:5      | Noticed Sigmund
  3124 | D:5      | Killed Sigmund
  3124 | D:5      | Reached XP level 8. HP: 63/63 MP: 12/16
  3554 | D:5      | Learned a level 4 spell: Airstrike
  3801 | D:5      | Learned a level 4 spell: Summon Lightning Spire
  4020 | D:6      | Noticed Blork the orc
  4032 | D:6      | Killed Blork the orc
  4428 | D:6      | Found a staircase to the Ecumenical Temple.
  4438 | Temple   | Entered the Ecumenical Temple
  4476 | Temple   | Became a worshipper of Warmaster Okawaru
  5130 | D:7      | Reached XP level 9. HP: 52/69 MP: 18/18
  5304 | D:7      | Reached * piety under Okawaru
  5405 | D:7      | Found Poter's Gadget Emporium.
  5584 | D:8      | Noticed a two-headed ogre
  5598 | D:8      | Slain by a two-headed ogre

Levels and vault maps discovered:
D:1:      scummos_arrival_checkerplants, layout_basic
D:2:      layout_basic, old_standard_altar, minmay_vboxes
D:3:      minmay_chambers_of_threes, layout_rooms, uniq_robin
D:4:      layout_basic, nicolae_qazlal_general_emergency, uniq_grinder
D:5:      layout_basic, first_ration, serial_co_window_serial,
          co_window_paths_b, co_window_of_opportunity_a,
          co_window_of_opportunity_a, co_window_corner_a,
          co_window_of_opportunity_a, co_window_paths_b, co_window_broadway_a,
          co_window_2corner, co_window_of_opportunity_c, co_window_broadway_a,
          co_window_corner_ca, co_window_of_opportunity_b, co_window_broadway_c,
          chequers_serial_rivers_small_b, uniq_sigmund
D:6:      layout_basic, minmay_temple_entry_nine_rooms, uniq_blork_the_orc
D:7:      layout_cave_pools, serial_shops, shop
D:8:      layout_loops_ring
Temple:   nicolae_temple_the_god_donut

Skill      XL: |  1  2  3  4  5  6  7  8  9 |
---------------+----------------------------+-----
Spellcasting   | 5 6 |  6.4
Invocations    | 1 2 3 4 |  4.4
Long Blades    | 1 2 3 4 |  4.0
Axes           | 1 2 3 4 |  4.0
Maces & Flails | 1 2 3 4 |  4.0
Polearms       | 1 2 3 4 |  4.0
Staves         | 1 2 3 4 |  4.0
Slings         | 1 2 3 4 |  4.0
Bows           | 1 2 3 4 |  4.0
Crossbows      | 1 2 3 4 |  4.0
Throwing       | 1 2 3 4 |  4.0
Stealth        | 1 2 3 4 |  4.0
Shields        | 1 2 3 4 |  4.0
Unarmed Combat | 1 2 3 4 |  4.0
Evocations     | 1 2 3 4 |  4.0
Conjurations   | 1 2 3 |  3.2
Hexes          | 1 2 3 |  3.2
Summonings     | 1 2 3 |  3.2
Necromancy     | 1 2 3 |  3.2
Translocations | 1 2 3 |  3.2
Transmutations | 1 2 3 |  3.2
Fire Magic     | 1 2 3 |  3.2
Ice Magic      | 1 2 3 |  3.2
Air Magic      | 1 2 3 |  3.2
Earth Magic    | 1 2 3 |  3.2
Poison Magic   | 1 2 3 |  3.2
Armour         | 3 4 |  4.8
Fighting       | 5 6 |  6.1
Short Blades   | 5 6 |  6.1
Dodging        | 5 6 |  6.1
Charms         | 6 |  6.4

Action                   |  1- 3 |  4- 6 |  7- 9 || total
-------------------------+-------+-------+-------++-------
Melee: Short sword       |    16 |       |       ||    16
       Dagger            |    95 |   141 |       ||   236
       Bite              |     8 |    20 |    20 ||    48
       Punch             |       |     2 |     3 ||     5
       Club              |       |    71 |   195 ||   266
Throw: Stone             |       |     7 |    31 ||    38
       Dart              |       |       |     8 ||     8
 Cast: Infusion          |     3 |       |     4 ||     7
       Shroud of Golubri |     3 |     3 |     9 ||    15
       Spectral Weapon   |     3 |     4 |    21 ||    28
       Regeneration      |     2 |     5 |     6 ||    13
       Song of Slaying   |     1 |     6 |     8 ||    15
       Summon Lightning  |       |       |     4 ||     4
       Airstrike         |       |       |     1 ||     1
 Stab: Sleeping          |     1 |     1 |     3 ||     5
       Distracted        |       |       |     1 ||     1
  Eat: Chunk             |     1 |     5 |    13 ||    19
Armor: Leather armour    |    18 |     7 |    55 ||    80
       Ring mail         |       |    79 |    16 ||    95
Dodge: Dodged            |    59 |   166 |   170 ||   395
